Cogmind - Beta 9.4 @@@ ROGUE MODE // 2020.01.23 @ 21:28:54 // Winter2019/RPGLIKE Player: PyroDawn Result: Destroyed by G-47 Trooper with Particle Gun Performance ------------- Evolutions (0) 0 Regions Visited (2) 400 Robots Destroyed (18) 90 Value Destroyed (384) 384 Prototype IDs (0) 0 Alien Tech Used (0) 0 Bonus (0) 0 TOTAL SCORE: 874 Bonus ------- None Cogmind --------- Core Integrity 0/600 Matter 300/300 Energy 100/100 System Corruption 0% Temperature Cool (9) Movement Flying (40) Location -10/Mines Parts ------- > --- POWER (1) -------- (None) > --- PROPULSION (2) --- Flight Unit > --- UTILITY (2) ------ Hacking Suite > --- WEAPON (1) ------- Hammer > --- INVENTORY (1) ---- Particle Gun Peak State ------------ > --- POWER ------------ Light Nuclear Core > --- PROPULSION ------- Flight Unit > --- UTILITY ---------- Hacking Suite > --- WEAPON ----------- Particle Gun > --- INVENTORY -------- Protomatter [Rating: 9] Favorites ----------- Power Light Ion Engine Engine Light Ion Engine Power Core Light Nuclear Core Propulsion Flight Unit Flight Unit Flight Unit Utility Hacking Suite Hackware Hacking Suite Weapon Mining Claw Energy Gun Particle Gun Ballistic Gun Assault Rifle Impact Weapon Hammer Slashing Weapon Mining Claw Build | -11 -10 -10 ------- Run | Scr Mat Min Slots Evolved 2 | . . 2 Power . | . . . Propulsion 1 | . . 1 Utility 1 | . . 1 Weapon . | . . . Parts Attached 9 | 2 7 . Power 2 | 1 1 . Engine 1 | 1 . . Core 1 | . 1 . Reactor . | . . . Propulsion 1 | . 1 . Treads . | . . . Leg . | . . . Wheel . | . . . Hover . | . . . Flight 1 | . 1 . Utility 1 | . 1 . Device . | . . . Storage . | . . . Processor . | . . . Hackware 1 | . 1 . Protection . | . . . Artifact . | . . . Weapon 5 | 1 4 . Energy Gun 1 | . 1 . Energy Cannon . | . . . Ballistic Gun 2 | 1 1 . Ballistic Cannon . | . . . Launcher . | . . . Special Weapon . | . . . Impact Weapon 1 | . 1 . Slashing Weapon 1 | . 1 . Piercing Weapon . | . . . Special Melee Weapon . | . . . Unidentified Prototypes . | . . . Parts Lost 2 | . 1 1 Power 2 | . 1 1 Propulsion . | . . . Utility . | . . . Weapon . | . . . Highest Loss Streak 1 | . 1 1 Average Slot Usage (%) 91 | . 92 74 Engine 15 | . 16 . Core 8 | . 8 18 Flight 19 | . 20 18 Hackware 22 | . 22 18 Energy Gun 1 | . 1 . Ballistic Gun 5 | . 5 . Impact Weapon 7 | . 6 18 Slashing Weapon 11 | . 11 . Naked Turns . | . . . Heaviest Build 8 | 5 8 7 Greatest Support 9 | 8 9 9 Greatest Overweight (x) . | . . . Average Overweight (x) . | . . . Largest Inventory Capacity 1 | . 1 1 Average Capacity . | . . 1 Most Carried 1 | . 1 1 Average Carried . | . . 1 Final Capacity 1 | . 1 1 Final Carried 1 | . 1 1 Class Distribution -------------------- 94% | Hacker-Mutant 5% | Mutant Dominant Class ---------------- Hacker-Mutant | -10/Materials Hacker-Mutant | -10/Mines Resources | -11 -10 -10 ----------- Run | Scr Mat Min Matter Collected 341 | 220 121 . Remotely . | . . . Salvage Created 476 | . 476 . Parts 38 | . 38 . Haulers Intercepted 2 | . 2 . Recyclers Shooed . | . . . Parts Field Recycled . | . . . Retrieved Matter . | . . . Parts Self-Destructed . | . . . Prevented . | . . . Kills | -11 -10 -10 ------- Run | Scr Mat Min Combat Hostiles Destroyed 10 | . 10 . Melee 6 | . 6 . Guns 3 | . 3 . Classes Destroyed 6 | . 6 . Hauler 2 | . 2 . Recycler 1 | . 1 . Operator 2 | . 2 . Watcher 3 | . 3 . Swarmer 3 | . 3 . Grunt 7 | . 7 . Best Kill Streak 5 | . 5 . Combat Bots Only 2 | . 2 . Max Kills in Single Turn 1 | . 1 . Gunslinging . | . . . Exploded . | . . . Melee 1 | . 1 . Uniques/NPCs Destroyed . | . . . Combat | -11 -10 -10 -------- Run | Scr Mat Min Damage Taken 1213 | . 873 340 Core 1063 | . 761 302 Absorbed by Shields . | . . . Redirected to Core 491 | . 361 130 Core Remaining (%) 100 | 100 . . Volleys Fired 38 | . 38 . Largest 1 | . 1 . Hottest 65 | . 65 . Shots Fired 38 | . 38 . Gun 38 | . 38 . Cannon . | . . . Launcher . | . . . Special . | . . . Kinetic 36 | . 36 . Thermal 2 | . 2 . Explosive . | . . . Electromagnetic . | . . . Robot Hit Streak 15 | . 15 . Robot Miss Streak 2 | . 2 . Penetration Max . | . . . Secondary Targets . | . . . Shots Hit Robots 86 | . 76 10 Core Hits 27 | . 25 2 Critical Hits . | . . . Critical Kills . | . . . Critical Parts Destroyed . | . . . Melee Attacks 91 | . 79 12 Impact 48 | . 36 12 Slashing 43 | . 43 . Piercing . | . . . Sneak Attacks 3 | . 3 . Combat Hostiles . | . . . Follow-up Attacks . | . . . Damage Inflicted 1502 | . 1347 155 Guns 300 | . 300 . Cannons . | . . . Explosions . | . . . Melee 1202 | . 1047 155 Ramming . | . . . Kinetic 272 | . 272 . Thermal 28 | . 28 . Explosive . | . . . Electromagnetic . | . . . Impact 555 | . 400 155 Slashing 647 | . 647 . Piercing . | . . . Highest Corruption . | . . . Average Corruption . | . . . Corruption Purged . | . . . Overload Shots . | . . . Overflow Damage 27 | . 27 . Projectiles . | . . . Explosions . | . . . Melee 27 | . 27 . Knockbacks 2 | . 1 1 Impact 2 | . 1 1 Kinetic . | . . . Secondary . | . . . Self-Inflicted Damage . | . . . Shots . | . . . Rammed . | . . . Targets Rammed . | . . . Kicked . | . . . Crushed . | . . . Highest Temperature 60 | . 60 1 Average Temperature 10 | . 10 1 Received Heat Transfer 564 | . 375 189 Siege Activations . | . . . Robots Corrupted . | . . . Combat Hostiles . | . . . Parts Fried 3 | . 3 . Impact Corruptions 3 | . 3 . Robots Melted . | . . . Combat Hostiles . | . . . Parts Melted . | . . . Heat Transferred 74 | . 74 . Parts Sabotaged . | . . . Parts Stolen . | . . . Parts Stripped . | . . . Power Chain Reactions . | . . . Missiles Intercepted . | . . . Alert | -11 -10 -10 ------- Run | Scr Mat Min Peak Influence 336 | . 336 . Average Influence 158 | . 168 . Maximum Alert Level 1 | . 1 . Low Security (%) 66 | 100 64 100 Level 1 33 | . 35 . Level 2 . | . . . Level 3 . | . . . Level 4 . | . . . Level 5 . | . . . High Security . | . . . Max Security . | . . . Squads Dispatched 2 | . 2 . Investigation . | . . . Extermination . | . . . Reinforcement 2 | . 2 . Assault . | . . . Garrison . | . . . Intercept . | . . . Construction Impeded . | . . . Haulers Reinforced . | . . . Stealth | -11 -10 -10 --------- Run | Scr Mat Min Distress Signals . | . . . Communications Jammed . | . . . Distress Signals . | . . . Times Spotted 32 | . 30 2 Peak Tracking Total 5 | . 5 2 Tactical Retreats 4 | . 4 . Traps | -11 -10 -10 ------- Run | Scr Mat Min Traps Triggered . | . . . Indirectly . | . . . Trap Hack Attempts . | . . . Triggered . | . . . Disarmed . | . . . Reprogrammed . | . . . Reused . | . . . Traps Extracted . | . . . Installed . | . . . Triggered . | . . . Machines | -11 -10 -10 ---------- Run | Scr Mat Min Machines Disabled . | . . . Max in Single Turn . | . . . Machines Sabotaged . | . . . Garrisons Compromised . | . . . Overloaded Fab Kills . | . . . Fab Network Shutdowns . | . . . Hacking | -11 -10 -10 --------- Run | Scr Mat Min Machines Accessed 7 | . 7 . Terminals 6 | . 6 . Fabricators . | . . . Repair Stations . | . . . Recycling Units 1 | . 1 . Scanalyzers . | . . . Garrison Access . | . . . Total Hacks 45 | . 45 . Successful 33 | . 33 . Failed 12 | . 12 . Catastrophic . | . . . Database Lockouts . | . . . Manual 41 | . 41 . Terminals 39 | . 39 . Fabricators . | . . . Repair Stations . | . . . Recycling Units 6 | . 6 . Scanalyzers . | . . . Garrison Access . | . . . Terminal Hacks 9 | . 9 . Part Schematic 1 | . 1 . Level Access Points 1 | . 1 . Branch Access Points 1 | . 1 . Terminal Index 1 | . 1 . Unreport Threat 3 | . 3 . Hauler Manifests 1 | . 1 . Registered Components 1 | . 1 . Fabricator Hacks . | . . . Repair Station Hacks . | . . . Recycling Unit Hacks 1 | . 1 . Retrieve Components 1 | . 1 . Scanalyzer . | . . . Garrison Access Hacks . | . . . Unauthorized Hacks 51 | . 51 . Terminals 19 | . 19 . Track 6 | . 6 . Assimilate 2 | . 2 . Botnet 6 | . 6 . Disrupt 3 | . 3 . Operators 2 | . 2 . Fabricators . | . . . Repair Stations . | . . . Recycling Units 4 | . 4 . Monitor 1 | . 1 . Reject 1 | . 1 . Recyclers 1 | . 1 . Mask 1 | . 1 . Scanalyzers . | . . . Garrison Access . | . . . Data Cores Recovered . | . . . Used . | . . . Hacking Detections 4 | . 4 . Full Trace Events . | . . . Feedback Events . | . . . Feedback Blocked . | . . . Robot Schematics Acquired . | . . . Robots Built . | . . . Matter . | . . . Time . | . . . Total Robot Build Rating . | . . . Part Schematics Acquired 1 | . 1 . Parts Built . | . . . Matter . | . . . Time . | . . . Total Part Build Rating . | . . . Parts Repaired . | . . . Time . | . . . Parts Recycled . | . . . Recycled Matter . | . . . Retrieved Matter . | . . . Retrieved Components . | . . . Parts Scanalyzed . | . . . Part Schematics Acquired . | . . . Parts Damaged . | . . . Bothacking | -11 -10 -10 ------------ Run | Scr Mat Min Used RIF Installer . | . . . Robots Hacked . | . . . Non-combat . | . . . Combat . | . . . Robot Hacks Applied . | . . . Relay Couplers Released . | . . . Robots Rewired . | . . . Allies Hacked . | . . . Hacks Repelled . | . . . Allies | -11 -10 -10 -------- Run | Scr Mat Min Total Allies 2 | . 2 . Largest Group 2 | . 2 2 Highest-Rated Group 20 | . 20 20 Highest-Rated Ally 10 | . 10 10 Total Orders 5 | . 4 1 GOTO 3 | . 2 1 FOLLOW 2 | . 2 . Ally Attacks . | . . . Total Damage . | . . . Kills . | . . . Allies Corrupted . | . . . Allies Melted . | . . . Intel | -11 -10 -10 ------- Run | Scr Mat Min Robot Analysis Total . | . . . Derelict Logs Recovered . | . . . Drone Launches . | . . . Drone Recoveries . | . . . Exploration | -11 -10 -10 ------------- Run | Scr Mat Min Turns Passed 863 | 15 812 36 Spaces Moved 1116 | 24 1077 15 Core 150 | 24 126 . Treads . | . . . Legs . | . . . Wheels . | . . . Hover . | . . . Flight 966 | . 951 15 Fastest Speed 40 | 50 40 40 Average Speed 41 | 50 41 40 Slowest Speed 50 | 50 50 40 Overloaded Moves . | . . . Propulsion Burnouts . | . . . Robots Hopped 13 | . 13 . Cave-ins Triggered . | . . . Exploration Rate (%) 35 | 3 99 5 Regions Visited 2 Branch Regions 1 Pre-discovered Areas . | . . . Known Exits Taken 1 | . 1 . Unknown Exits Taken 1 | 1 . . Scrap Searched . | . . . Spaces Dug . | . . . Terrain Destroyed . | . . . Melee . | . . . Projectile . | . . . AOE . | . . . Actions | -11 -10 -10 --------- Run | Scr Mat Min Total 1309 | 25 1257 27 Wait 43 | . 43 . Move 1091 | 23 1053 15 Hop 10 | . 10 . Pick Up 2 | . 2 . Fast Attach 8 | 2 6 . Attach . | . . . Detach . | . . . Swap 1 | . 1 . Drop 4 | . 4 . Fire 38 | . 38 . Melee 91 | . 79 12 Ram . | . . . Kick . | . . . Crush . | . . . Escape Stasis . | . . . Rewire . | . . . Trap . | . . . Miscellaneous 21 | . 21 . Route ------- -11/Scrapyard -10/Materials (discovered 4 exits: *Mat x3 / *Min) -10/Mines History --------- Turn | Location | Event 4 | -11/Scrapyard | Discovered new exit (range 15) 16 | -11/Scrapyard | Entered Materials 347 | -10/Materials | Discovered new exit (range 10) 352 | -10/Materials | Build established: Hacker-Mutant 370 | -10/Materials | Discovered new exit (range 3) 426 | -10/Materials | Discovered new exit (range 6) 486 | -10/Materials | Discovered new exit (range 15) 532 | -10/Materials | Core integrity fell below 50% 655 | -10/Materials | Core integrity fell below 20% 747 | -10/Materials | Identified exit to Mines 747 | -10/Materials | Identified exit to Materials 828 | -10/Materials | Entered Mines 828 | -10/Mines | Accompanied by 2 allies 830 | -10/Mines | Reached level 2 832 | -10/Mines | Upgraded with Propulsion slot (x1) 832 | -10/Mines | Upgraded with Utility slot (x1) 864 | -10/Mines | Destroyed by G-47 Trooper with Particle Gun Last Messages --------------- 00760_ >> MONITOR: Recycling Unit M002 accepting Imp. Heat Sink(15%). 00761_ K-01 Serf cleans the Pressure Siphon. 00775_ W-16 Scout destroyed. 00777_ Acquired 10 matter. 00778_ K-01 Serf collects debris. 00790_ Upgraded: Melee Accuracy (+5) 00796_ >> MONITOR: Recycling Unit M002 accepting Transport Network Coupler(75%). 00799_ >> MONITOR: Recycling Unit M002 accepting Lgt. Assault Rifle(75%). 00802_ Destroyed Hover Unit. 00802_ W-16 Scout system corrupted by crushing effect. 00802_ >> MONITOR: Recycling Unit M002 accepting Particle Gun(60%). 00805_ >> MONITOR: Recycling Unit M002 accepting Aluminum Leg(66%). LOCATION=MINES GOAL=ESCAPE 00830_ Reached level 2. 00832_ Upgraded: Propulsion Slot (+1) 00832_ Upgraded: Utility Slot (+1) 00832_ Upgraded: Melee Accuracy (+5) 00855_ G-47 Trooper knocked back. 00862_ Lgt. Nuclear Core destroyed. Map ----- +----------------------------------------------------+ | ?????????????????????????????????? | | ?????????????????????????????????? | | ?????????????????????????????????? | | ?????????????????????????????????? | | ?????????????????????????????????? | | ?????????????????????????????????? | | ?????????????????????????????????? | | ?????????????????????????????????? | | ?????????????????????????????????? | | ?????????????????????????????????? | | ?????????????????????????????????? | | ?????????????????????????????????? | | ?????????????????????????????????? | | ?????????????????????????????????? | | ?????????????????????????????????? | | ?????????????????????????????????? | | ?????????????????????????????????? | | ?????????????????????????????????? | | ???????????????????????#########?? | | ???????????????????????# #?? | | ?????????????##????#???# """o#?? | | ????????????## ## ### """o#?? | | ????????????# """ #?? | | ???????????# #?? | | ???????????# ####gg """ #?? | | ???????????## ??????# @ """ #?? | | ????????????#??????????# """ #?? | | ???????????????????????# #?? | | ???????????????????????# #?? | | ???????????????????????#########?? | | ?????????????????????????????????? | | ?????????????????????????????????? | | ?????????????????????????????????? | | ?????????????????????????????????? | | ?????????????????????????????????? | | ?????????????????????????????????? | | ?????????????????????????????????? | | ?????????????????????????????????? | | ?????????????????????????????????? | | | | | | | | | | | | | | | | | | | | | | | +----------------------------------------------------+ Best States ------------- Heat Dissipation 25 Energy Generation 14 Energy Capacity 160 Matter Stores 300 Matter Capacity 300 Sight Range 16 Robot Scan Range 16 Terrain Scan Density 10 Evasion (%) 62 Offensive Hacking 20 Defensive Hacking 10 Item Schematics ----------------- Flight Unit | -10/Materials | Hacked Robot Schematics ------------------ None Fabricated ------------ Nothing Alien Tech Used ----------------- None Achievements -------------- None Challenges ------------ None RPGLIKE | -11 -10 -10 --------- Run | Scr Mat Min Levels Raised 1 | . . 1 XP Earned 4955 | 3000 1455 500 XP Spent 4250 | 100 2850 1300 Upgrades 18 | 1 14 3 Propulsion Slot 1 | . . 1 Utility Slot 1 | . . 1 Mass Support 1 | 1 . . Inventory Capacity 1 | . 1 . Sensor Range 8 | . 8 . Melee Accuracy 2 | . 1 1 Hack Attack % 2 | . 2 . Hack Defense % 2 | . 2 . Protomatter Created 204 | . 204 . Integrity Restored 462 | . 462 . Core 462 | . 462 . Protomatter Decayed 50 | . 50 . Game ------ Seed ShadeTargetInterpreter Manual? 0 Play Time 00:32:01 Cumulative 476.0 hours Start 2020.01.23 @ 09:33:03 End 2020.01.23 @ 21:28:54 Sessions 2 Manual Loads 0 Difficulty Rogue Special Mode Winter2019/RPGLIKE Game No. 140 Rogue 140 Adventurer 0 Explorer 0 Win Type - Total 2 Types 1/0/1/0/0/0/0 Lore% 72 Gallery% 78 Achievement% 57 Wizard Run 0 Options --------- ASCII 0 Keyboard 0 Movement Arrows Keybinds 0 Fullscreen 1 Font 12/Smallcaps Map View 83x54 Tactical HUD 1 Map Filters NONE Filters NONE Steam 1 RUN: 006d9747-c9b1-4df3-b428-d00c71fe078e